 Dungeon Crawl Stone Soup version 0.32-a0-673-g3729bd50f8 (webtiles) character file.

Game seed: 4967573885008062827

1911901 TheMeInTeam the Spry (level 27, 224/224 HPs)
             Began as a Coglin Hedge Wizard on Mar 10, 2024.
             Was the Champion of Vehumet.
             Escaped with the Orb
             ... and 4 runes!
             The game lasted 04:35:07 (98614 turns).

TheMeInTeam the Spry (Coglin Hedge Wizard)         Turns: 98614, Time: 04:35:07

Health: 224/224    AC: 21    Str: 13    XL:     27
Magic:  54/54      EV: 25    Int: 34    God:    Vehumet [******]
Gold:   2580       SH:  9    Dex: 19    Spells: 8/61 levels left

rFire   + + +        M - staff of a volcano {rElec rF+ Conj}
rCold   + + .        c - +3 buckler {rC+ rF+}
rNeg    . . .        i - +3 troll leather armour of the Summoning Ears {rF+ Will+ Regen+ Str+4}
rPois   .            F - +3 hat of Pondering {ponderous, Will+ MP+10 Int+5}
rElec   +            f - +2 cloak
rCorr   .            l - +2 pair of gloves {Dex+3}
SInv    .            b - +2 pair of boots {rampage}
Will    +++++        (amulet unavailable)
Stlth   +            (ring unavailable)
HPRegen 1.37/turn    (ring unavailable)
MPRegen 0.34/turn    J - bismuth dynamo {RevMP, rElec rC+}

%: rampage
@: studying 2 skills, slow
A: off-hand wielding, slow wielding, warmup strikes, no jewellery, thin skeletal
structure 1, clever 1, fire resistance 1, strong-willed 2, weak 1
0: Orb of Zot
}: 4/15 runes: decaying, slimy, silver, gossamer
a: Renounce Religion


You escaped.
You worshipped Vehumet.
Vehumet was exalted by your worship.
You visited 10 branches of the dungeon, and saw 52 of its levels.
You also visited: Bailey, Gauntlet and Ice Cave.

You collected 8304 gold pieces.
You spent 5724 gold pieces at shops.

Inventory:

Missiles
 A - 4 throwing nets
Armour
 b - a +2 pair of boots of rampaging (worn)
 c - a +3 buckler of resistance (worn)
 f - a +2 cloak (worn)
 i - the +3 troll leather armour of the Summoning Ears (worn) {rF+ Will+ Regen+ Str+4}
   (You bought it in a shop on level 10 of the Dungeon)

   Str+4:     It affects your strength (+4).
   rF+:       It protects you from fire.
   Will+:     It increases your willpower.
   Regen+:    It increases your rate of health regeneration.
 l - a +2 pair of gloves of dexterity (worn)
 x - the +3 warlock's mirror {omnireflect}
   (You bought it in a shop on level 2 of the Orcish Mines)

   Omnireflect: It can block and reflect piercing ranged attacks and magical
   attacks against the wielder's willpower.
 F - the +3 hat of Pondering (worn) {ponderous, Will+ MP+10 Int+5}
   (You found it on level 5 of the Vaults)

   Int+5:     It affects your intelligence (+5).
   Will+:     It increases your willpower.
   MP+10:     It affects your magic capacity (+10).
 K - the +3 leather armour of the Midnight Sun {rCorr Dex+4}
   (You bought it in a shop on level 2 of the Orcish Mines)

   Dex+4:     It affects your dexterity (+4).
   rCorr:     It protects you from acid and corrosion.
Magical Staves
 E - a staff of alchemy {Xochipepe}
 M - the staff of a volcano (weapon) {rElec rF+ Conj}
   (You found it on level 3 of the Elven Halls)

   [staff of conjuration]

   Base accuracy: +5 Base damage: 5 Base attack delay: 1.2 This weapon's minimum
   attack delay (0.6) is reached at skill level 12.
   rF+:       It protects you from fire.
   rElec:     It insulates you from electricity.
   Conj:      It increases the power of your Conjurations spells.
   It falls into the 'Staves' category.
   It is a one-graspered weapon.
Gizmo
 J - a bismuth dynamo (installed) {RevMP, rElec rC+}
   (You invented it yourself on level 4 of the Lair of Beasts)

   [bismuth dynamo]

   RevMP:     Your magic regeneration increases greatly based on how Revved you
   are.
   rC+:       It protects you from cold.
   rElec:     It insulates you from electricity.
Wands
 o - a wand of warping (46)
 s - a wand of quicksilver (46)
 C - a wand of polymorph (18)
 U - a wand of mindburst (78)
 V - a wand of digging (25)
 W - a wand of paralysis (28)
Scrolls
 g - a scroll of revelation
 h - 3 scrolls of blinking
 p - 5 scrolls of vulnerability
 q - 7 scrolls of fog
 t - 2 scrolls of silence
 u - 24 scrolls of identify
 y - 3 scrolls of enchant armour
 D - 6 scrolls of immolation
 G - 14 scrolls of teleportation
 L - 15 scrolls of fear
 P - 3 scrolls of summoning
 S - 6 scrolls of poison
 T - 6 scrolls of amnesia
Potions
 a - 8 potions of resistance
 d - 9 potions of lignification
 e - 11 potions of might
 j - 17 potions of curing
 m - 8 potions of enlightenment
 n - 4 potions of berserk rage
 v - 2 potions of heal wounds
 w - 2 potions of mutation
 z - 2 potions of haste
 B - 4 potions of cancellation
 H - 5 potions of magic
 O - 9 potions of brilliance
 Q - 3 potions of invisibility
 R - 4 potions of ambrosia
Miscellaneous
 k - a box of beasts
 r - a lightning rod (4/4)
 I - a phantom mirror


   Skills:
 - Level 20.0 Fighting
 - Level 12.0 Staves
 - Level 11.0 Armour
 + Level 20.2 Dodging
 - Level 2.0 Stealth
 - Level 6.0 Shields
 + Level 17.9 Spellcasting
 + Level 18.3 Conjurations
 - Level 8.0 Hexes
 - Level 3.0 Summonings
 - Level 2.0 Translocations
 - Level 4.0 Fire Magic
 - Level 8.0 Ice Magic
 - Level 10.0 Air Magic
 - Level 10.0 Earth Magic
 - Level 10.0 Alchemy
 - Level 16.0 Evocations


You had 8 spell levels left.
You knew the following spells:

 Your Spells              Type           Power      Damage    Failure   Level
a - Bombard               Conj/Erth      56%        9d9       1%          6
b - Summon Small Mammal   Summ           100%       N/A       1%          1
c - Freezing Cloud        Conj/Ice/Air   53%        6-21      1%          5
d - Olgreb's Toxic Radia  Alch           78%        N/A       1%          4
e - Irradiate             Conj/Alch      56%        3d30      1%          5
f - Conjure Ball Lightni  Conj/Air       56%        3x3d20    1%          6
g - Ignite Poison         Fire/Alch      67%        N/A       1%          4
h - Call Imp              Summ           100%       N/A       1%          2
i - Silence               Hex/Air        37%        N/A       1%          5
j - Magic Dart            Conj           100%       1d8       0%          1
k - Stone Arrow           Conj/Erth      100%       3d13      0%          3
r - Mephitic Cloud        Conj/Alch/Air  100%       N/A       1%          3
s - Blink                 Tloc           88%        N/A       1%          2
w - Yara's Violent Unrav  Hex/Alch       37%        3d15      1%          5
z - Apportation           Tloc           88%        N/A       1%          1

Your spell library contained the following spells:

 Spells                   Type           Power      Damage    Failure   Level
 Shock                    Conj/Air       100%       1d9       0%          1
 Sting                    Conj/Alch      100%       1d9       0%          1
 Static Discharge         Conj/Air       100%       3-8/arc   0%          2
 Freeze                   Ice            100%       1d10      1%          1
 Necrotise                Necr           100%       1d9       1%          1
 Sandblast                Erth           100%       2d20      1%          1
 Slow                     Hex            100%       N/A       1%          1
 Cigotuvi's Dreadful Rot  Necr/Alch/Air  100%       N/A       1%          2
 Ensorcelled Hibernation  Hex/Ice        100%       N/A       1%          2
 Jinxbite                 Hex            100%       N/A       1%          2
 Lesser Beckoning         Tloc           88%        N/A       1%          2
 Mercury Vapours          Alch/Air       100%       N/A       1%          2
 Call Canine Familiar     Summ           50%        N/A       1%          3
 Dazzling Flash           Conj/Hex       100%       N/A       1%          3
 Frozen Ramparts          Ice            100%       1d16      1%          3
 Hailstorm                Conj/Ice       100%       3d16      1%          3
 Inner Flame              Hex/Fire       63%        N/A       1%          3
 Passwall                 Erth           78%        N/A       1%          3
 Sigil of Binding         Hex            71%        N/A       1%          3
 Summon Ice Beast         Ice/Summ       61%        N/A       1%          3
 Swiftness                Air            78%        N/A       1%          3
 Volatile Blastmotes      Fire/Tloc      100%       2d18      1%          3
 Airstrike                Air            39%        2d(6-22)  1%          4
 Animate Armour           Summ/Erth      100%       N/A       1%          4
 Brom's Barrelling Bould  Conj/Erth      100%       2d11      1%          4
 Cause Fear               Hex            35%        N/A       1%          4
 Flame Wave               Conj/Fire      100%       2d21      1%          4
 Leda's Liquefaction      Alch/Erth      39%        N/A       1%          4
 Petrify                  Alch/Erth      78%        N/A       1%          4
 Sticky Flame             Fire/Alch      67%        2d11      1%          4
 Vhi's Electric Charge    Tloc/Air       100%       N/A       1%          4
 Alistair's Intoxication  Alch           52%        N/A       1%          5
 Fireball                 Conj/Fire      51%        3d20      1%          5
 Iskenderun's Battlesphe  Conj           100%       2d15      1%          5
 Metabolic Englaciation   Hex/Ice        35%        N/A       1%          5
 Starburst                Conj/Fire      51%        6d14      1%          6
 Sublimation of Blood     Necr           30%        N/A       2%          2
 Gell's Gravitas          Tloc           44%        N/A       2%          3
 Teleport Other           Tloc           44%        N/A       2%          3
 Anguish                  Hex/Necr       27%        N/A       3%          4
 Summon Blazeheart Golem  Fire/Summ      53%        N/A       4%          4
 Plasma Beam              Fire/Air       33%        2x1d46    4%          6
 Fugue of the Fallen      Necr           30%        N/A       5%          3
 Spellforged Servitor     Conj/Summ      50%        N/A       5%          7
 Sculpt Simulacrum        Ice/Alch       37%        N/A       7%          6
 Martyr's Knell           Necr/Summ      40%        N/A       10%         4
 Lehudib's Crystal Spear  Conj/Erth      56%        10d13     11%         8
 Ozocubu's Refrigeration  Ice            35%        4d15      16%         7
 Animate Dead             Necr           30%        N/A       19%         4
 Dispel Undead            Necr           30%        3d14      19%         4
 Summon Forest            Summ/Tloc      23%        N/A       19%         5
 Curse of Agony           Necr           30%        N/A       45%         5
 Maxwell's Capacitive Co  Air            39%        ∞         45%         8
 Enfeeble                 Hex            35%        N/A       52%         7
 Death Channel            Necr           15%        N/A       96%         6
 Malign Gateway           Summ/Tloc      23%        N/A       99%         7
 Summon Hydra             Summ           25%        N/A       99%         7
 Discord                  Hex            35%        N/A       99%         8
 Ignition                 Fire           27%        3d9       99%         8
 Haunt                    Necr/Summ      20%        N/A       100%        7
 Borgnjor's Revivificati  Necr           15%        N/A       100%        8
 Disjunction              Tloc           22%        N/A       100%        8
 Infestation              Necr           15%        N/A       100%        8
 Chain Lightning          Conj/Air       56%        3d75      78%         9
 Fire Storm               Conj/Fire      51%        8d13      98%         9
 Shatter                  Erth           39%        3d31*     99%         9
 Death's Door             Necr           15%        N/A       100%        9
 Dragon's Call            Summ           25%        N/A       100%        9
 Polar Vortex             Ice            35%        12d4*     100%        9


Dungeon Overview and Level Annotations

Branches:
Dungeon (15/15)            Temple (0/1) D:6            Lair (5/5) D:8
  Swamp (4/4) Lair:2       Spider (4/4) Lair:3        Slime (5/5) Lair:4
    Orc (2/2) D:11            Elf (3/3) Orc:2        Vaults (5/5) D:14
 Depths (4/4) D:15            Zot (5/5) Depths:4     Bailey (visited)
  IceCv (visited)         Gauntlet (visited)
  Crypt: Vaults:2-3

Altars:
Ashenzari
Cheibriados
Dithmenos
Fedhas
Hepliaklqana
Makhleb
Qazlal
Uskayaw
Vehumet
Wu Jian
Xom
Zin
The Shining One
Beogh
Jiyva

Shops:
D:3 ?   D:10 [   D:12 :   D:15 **   Orc:2 *[[(   Vaults:1 (   Vaults:2 =
Vaults:4 (   Vaults:5 *

Portals:
Hell: Depths:1 Depths:2 Depths:3 Depths:4
Abyss: Depths:1 Depths:3
Pandemonium: Depths:2 Depths:4
Ziggurat: Depths:4

Annotations:
Depths:3 Boris


Innate Abilities, Weirdness & Mutations

You can wield a second weapon in your off-hand.
It takes a long time for you to wield or remove held weapons.
Your first few attacks do less damage.
You cannot equip rings or amulets.
You have a somewhat thin skeletal structure. (Dex +2, Stealth+)
Your mind is acute. (Int +4, Str/Dex -1)
Your flesh is heat resistant. (rF+)
You are highly strong-willed. (Will++)
You are weak. (Str -2)


Message History

There is a stone staircase leading down here.
A Tzitzimitl comes into view.
Casting: Bombard (mildly dangerous; 1% risk of failure)
Confirm with . or Enter, or press ? or * to list all spells.
Aiming: Bombard (mildly dangerous; 1% risk of failure)
Press: ? - help, Shift-Dir - straight line, f - Tzitzimitl
Aim: a Tzitzimitl (63% to hit)
You feel a surge of power!
The iron shot hits the Tzitzimitl!!
The Tzitzimitl is moderately wounded.
The blast sends you backwards.
Casting: Bombard (mildly dangerous; 1% risk of failure)
Confirm with . or Enter, or press ? or * to list all spells.
Aiming: Bombard (mildly dangerous; 1% risk of failure)
Press: ? - help, Shift-Dir - straight line, f/p - Tzitzimitl
Aim: a Tzitzimitl (moderately wounded, 63% to hit)
You feel a surge of power!
The iron shot hits the Tzitzimitl!!!
The Tzitzimitl is severely wounded.
Casting: Bombard (mildly dangerous; 1% risk of failure)
Confirm with . or Enter, or press ? or * to list all spells.
Aiming: Bombard (mildly dangerous; 1% risk of failure)
Press: ? - help, Shift-Dir - straight line, f/p - Tzitzimitl
Aim: a Tzitzimitl (severely wounded, 63% to hit)
You feel a surge of power!
The iron shot hits the Tzitzimitl!!!
You kill the Tzitzimitl!
Vehumet accepts your kill. The blast sends you backwards.
A Volio and 2 liches come into view.
You feel yourself speed up.
The lich shouts!
Volio gestures at you.
A raging storm of fire appears!
The great blast of fire engulfs you!! You partially resist.
The lich conjures an orb of pure magic.
You hear a shout! x2 2 fire vortices and an orb of destruction come into view.
You hit the fire vortex.
You blast the fire vortex!
The fire vortex is moderately damaged.
You are engulfed in blazing flames.
You resist.
You hit the fire vortex.
You blast the fire vortex!!
The fire vortex dissipates!
You are engulfed in blazing flames.
You resist.
You are engulfed in blazing flames.
You resist.
You are engulfed in blazing flames.
You resist.
You are engulfed in blazing flames.
You resist.
The orb of destruction hits the fire vortex!!!!
The fire vortex dissipates!
There is a stone staircase leading up here.
You climb upwards.
There is a stone staircase leading down here.
There is a stone staircase leading up here.
You climb upwards.
There is a stone staircase leading down here.
There is an open door here.
You see here a +0 spear.
HP restored.
There is a stone staircase leading up here.
You climb upwards.
There is a stone staircase leading down here.
An angel comes into view.
It is wielding a +2 sacred scourge of holy wrath.
There is a stone staircase leading up here.
You climb upwards.
There is a stone staircase leading down, spattered with blood here.
Your extra speed is starting to run out.
A large abomination comes into view.
You barely miss the large abomination.
You completely miss the large abomination.
You hit the large abomination but do no damage.
Casting: Bombard (mildly dangerous; 1% risk of failure)
Confirm with . or Enter, or press ? or * to list all spells.
Aiming: Bombard (mildly dangerous; 1% risk of failure)
Press: ? - help, Shift-Dir - straight line, f - large abomination
Aim: a large abomination (93% to hit)
You feel a surge of power!
The iron shot hits the large abomination!!
The large abomination is severely damaged.
The large abomination completely misses you.
Casting: Bombard (mildly dangerous; 1% risk of failure)
Confirm with . or Enter, or press ? or * to list all spells.
Aiming: Bombard (mildly dangerous; 1% risk of failure)
Press: ? - help, Shift-Dir - straight line, f/p - large abomination
Aim: a large abomination (severely damaged, 93% to hit)
You feel a surge of power!
The iron shot hits the large abomination!!!
You destroy the large abomination!
Vehumet accepts your kill.
You feel your power returning.
You feel yourself slow down.
A Brimstone Fiend comes into view.
Casting: Bombard (mildly dangerous; 1% risk of failure)
Confirm with . or Enter, or press ? or * to list all spells.
Aiming: Bombard (mildly dangerous; 1% risk of failure)
Press: ? - help, Shift-Dir - straight line, f - Brimstone Fiend
Aim: a Brimstone Fiend (90% to hit)
You feel a surge of power!
The iron shot hits the Brimstone Fiend!!!
The Brimstone Fiend is heavily wounded.
Casting: Bombard (mildly dangerous; 1% risk of failure)
Confirm with . or Enter, or press ? or * to list all spells.
Aiming: Bombard (mildly dangerous; 1% risk of failure)
Press: ? - help, Shift-Dir - straight line, f/p - Brimstone Fiend
Aim: a Brimstone Fiend (heavily wounded, 90% to hit)
You feel a surge of power!
The iron shot hits the Brimstone Fiend!!!
You kill the Brimstone Fiend!
Vehumet accepts your kill.
You see here a +0 spear.
You see here a +0 spear.
Things that are here:
a +0 club; a gnoll skeleton
There is an open door here.
Items here: )) [ ÷÷.
You see here a +0 flail.
There is a stone staircase leading up here.
You climb upwards.
There is a stone staircase leading down here.
A sun demon comes into view.
Casting: Bombard (mildly dangerous; 1% risk of failure)
Confirm with . or Enter, or press ? or * to list all spells.
Aiming: Bombard (mildly dangerous; 1% risk of failure)
Press: ? - help, Shift-Dir - straight line, f - sun demon
Aim: a sun demon (74% to hit)
You feel a surge of power!
The iron shot hits the sun demon!!!
The sun demon is almost dead.
Casting: Bombard (mildly dangerous; 1% risk of failure)
Confirm with . or Enter, or press ? or * to list all spells.
Aiming: Bombard (mildly dangerous; 1% risk of failure)
Press: ? - help, Shift-Dir - straight line, f/p - sun demon
Aim: a sun demon (almost dead, 74% to hit)
You feel a surge of power!
The iron shot hits the sun demon!!!
You kill the sun demon!
Vehumet accepts your kill.
You feel your power returning. The blast sends you backwards.
An Executioner and a large abomination come into view.
Casting: Bombard (mildly dangerous; 1% risk of failure)
Confirm with . or Enter, or press ? or * to list all spells.
Aiming: Bombard (mildly dangerous; 1% risk of failure)
Press: ? - help, Shift-Dir - straight line, f - Executioner
Aim: an Executioner (66% to hit)
You feel a surge of power!
The iron shot hits the Executioner!!!
The Executioner is severely wounded.
The blast sends you backwards.
The large abomination moves out of view.
Casting: Bombard (mildly dangerous; 1% risk of failure)
Confirm with . or Enter, or press ? or * to list all spells.
Aiming: Bombard (mildly dangerous; 1% risk of failure)
Press: ? - help, Shift-Dir - straight line, f/p - Executioner
Aim: an Executioner (severely wounded, 66% to hit)
You feel a surge of power!
The iron shot hits the Executioner!!!
You kill the Executioner!
Vehumet accepts your kill.
You feel your power returning. The blast sends you backwards.
A large abomination comes into view.
A large abomination comes into view.
There is an open door here.
A sixfirhy comes into view.
The sixfirhy moves out of view.
The sixfirhy completely misses you.
The sixfirhy hits you but does no damage.
The sixfirhy misses you.
The sixfirhy hits you but does no damage.
The sixfirhy completely misses you. The sixfirhy completely misses you. x4
You block the sixfirhy's attack. The sixfirhy barely misses you.
You block the sixfirhy's attack.
The sixfirhy hits you but does no damage.
The sixfirhy closely misses you.
The sixfirhy hits you but does no damage.
The sixfirhy completely misses you.
The sixfirhy hits you but does no damage.
The sixfirhy attacks as it pursues you! The sixfirhy misses you. x2
There is an open door here.
There is a stone staircase leading up here.
The sixfirhy hits you but does no damage.
You block the sixfirhy's attack. The sixfirhy completely misses you.
You block the sixfirhy's attack.
You climb upwards.
There is a stone staircase leading down here.
You hit the sixfirhy.
You blast the sixfirhy!
The sixfirhy is heavily wounded.
The sixfirhy closely misses you. You block the sixfirhy's attack.
You hit the sixfirhy.
The sixfirhy is heavily wounded.
You hit the sixfirhy.
You blast the sixfirhy!!
You kill the sixfirhy!
Vehumet accepts your kill.
You feel your power returning.
No target in view!
There is a stone staircase leading up, spattered with blood here.
You climb upwards.
There is a stone staircase leading down here.
You feel yourself speed up.
You open the door.
There is an open door here.
Your extra speed is starting to run out.
You see here a +0 dagger.
There is a large open door here.
You see here a rat skeleton.
You feel yourself slow down.
There is a staircase leading out of the dungeon here.
You have escaped!

..# ##..##
#.....
..#######
##..##
#.....
##......#
#..## #.....
#......#
#.## #.....
#......#
#).# ######
##......####
##÷'## #..
........'..#
##.##.## #.#
##......####
#...##.#
###.#
#......#
##.@.##.#
#....
########
##....##.#
#.#.#
#.####ß#.#
#.#.#
#.......##
#.#..
#########
#.### #.###
########.##.
#...........
#.######.##.


There were no monsters in sight!

Vanquished Creatures
  the Royal Jelly (Slime:5)
  7 dread liches (Zot:5)
  4 orbs of fire
  8 ancient liches
  2 juggernauts
  Boris (Elf:3)
  Saint Roka (Vaults:1)
  4 Killer Klowns
  2 curse toes
  5 golden dragons
  Norris (Elf:3)
  6 electric golems
  A Tzitzimitl (D:8)
  Zenata (Vaults:3)
  A Brimstone Fiend (D:4)
  Rupert (Lair:5)
  Jorgrun (D:15)
  A walking crystal tome (Depths:2)
  2 hellephants (Depths:4)
  15 tentacled monstrosities
  Mlioglotl (Lair:3)
  3 liches
  A deep elf blademaster (Elf:3)
  5 quicksilver dragons
  27 Orb Guardians
  6 titans
  12 acid blobs
  2 deep elf master archers (Elf:3)
  A walking divine tome (Depths:4)
  7 sphinxes
  An Executioner (D:3)
  11 death cobs
  3 thorn hunters
  Kirke (D:13)
  5 shadow dragons
  8 storm dragons
  Aizul (Spider:4)
  6 tengu reavers
  10 azure jellies (Slime:5)
  Donald (Spider:4)
  A fenstrider witch (Swamp:4)
  14 draconian monks
  Roxanne (Swamp:3)
  3 protean progenitors
  6 rockslimes
  7 draconian shifters
  9 frost giants
  An iron dragon (Vaults:5)
  12 fire giants
  Louise (D:15)
  8 draconian knights
  A balrug (Orc:1)
  10 deep elf sorcerers
  11 emperor scorpions
  23 vault wardens
  11 draconian scorchers
  8 ghost moths
  7 draconian stormcallers
  2 deep elf elementalists (Elf:3)
  4 angels (Zot:4)
  3 orc warlords
  10 quicksilver oozes
  2 vampire knights
  18 very ugly things
  A demonspawn corrupter (D:12)
  6 ironbound thunderhulks
  The ghost of Afosuck the Cleaver, a journeyman HOFi of Gozag (D:13)
  6 stone giants
  12 black draconians
  7 formless jellyfish
  22 ironbound preservers
  9 deep elf demonologists
  13 deep elf annihilators
  5 draconian annihilators
  10 green draconians
  A war gargoyle (Vaults:5)
  6 bunyips
  3 deep elf death magi (Elf:3)
  10 red draconians
  2 eleionomae
  Azrael (D:13)
  6 spark wasps
  13 white draconians
  2 minotaurs
  15 purple draconians
  9 yellow draconians
  10 ettins
  2 crystal guardians
  Snorg (D:10)
  3 jiangshi (Depths:1)
  2 entropy weavers
  15 yaktaur captains
  12 fire dragons
  A shambling mangrove (Swamp:4)
  4 deep elf high priests
  4 ice dragons
  Josephine (D:15)
  29 vault guards
  A sphinx zombie (Depths:1)
  8 rakshasas
  Harold (D:9)
  7 great orbs of eyes
  20 hydras
  Erolcha (D:13)
  2 jorogumos
  4 catoblepae
  3 peacekeepers
  11 alligators
  3 ironbound frosthearts
  4 spriggan air magi
  A juggernaut simulacrum (Depths:2)
  5 ogre magi
  5 radroaches
  27 dancing weapons
  6 boulder beetles
  13 death yaks
  12 centaur warriors
  9 deep troll shamans
  18 two-headed ogres
  12 deep troll earth magi
  9 hell hogs
  A titan zombie (Depths:1)
  8 tengu warriors
  A vampire mage (Depths:1)
  9 demonic crawlers
  4 spriggan berserkers
  2 orc high priests (Vaults:1)
  6 hell knights
  8 occultists
  A soul eater (Depths:2)
  A sun demon (D:3)
  The ghost of meatmacerator the Martial Artist, a novice OpFi (D:8)
  13 skeletal warriors
  14 deep elf knights
  16 spriggans
  5 pharaoh ants
  12 iron trolls
  A fire crab (Lair:5)
  A sixfirhy (D:2)
  3 skysharks (Elf:3)
  77 deep trolls
  A shadow demon (D:12)
  2 golden dragon zombies
  14 swamp dragons
  2 flayed ghosts
  4 sun moths
  4 goliath frogs
  6 spriggan druids
  A shadow wraith (Vaults:5)
  7 bog bodies
  18 ironbound convokers
  A mana viper (shapeshifter) (Zot:4)
  13 arcanists
  11 orb spiders
  A tengu zombie (Depths:2)
  4 phantasmal warriors
  3 glowing orange brains
  8 necromancers
  9 orc knights
  6 lindwurms
  14 deep elf archers
  31 deep elf pyromancers
  A harpy (Vaults:3)
  2 human zombies (Vaults:4)
  10 steelbarb worms
  23 deep elf zephyrmancers
  A glowing shapeshifter (Depths:4)
  A stone giant zombie (Depths:2)
  9 orc sorcerers
  25 wolf spiders
  4 shining eyes
  2 will-o-the-wisps
  3 manticores
  A fire giant zombie (Vaults:4)
  A meliai (shapeshifter) (D:13)
  2 fire giant skeletons
  50 ugly things
  12 meliai
  24 moths of wrath
  7 black mambas
  5 cyclopes
  An elephant (shapeshifter) (D:15)
  A faun (shapeshifter) (Vaults:5)
  4 kobold blastminers (Orc:1)
  An ice statue (IceCv)
  18 elephants
  2 frost giant skeletons (Depths:2)
  24 vault sentinels
  3 molten gargoyles (Lair:5)
  4 centaur skeletons (D:15)
  17 cane toads
  A gargoyle (D:13)
  2 unseen horrors (Depths:1)
  A storm dragon simulacrum (D:15)
  3 rime drakes
  6 torpor snails
  A large abomination (D:4)
  An efreet (D:15)
  9 komodo dragons
  A wolf spider (shapeshifter) (Vaults:1)
  42 yaktaurs
  3 tengu conjurers
  4 freezing wraiths
  An ice devil (Depths:4)
  21 hornets
  3 trolls
  A tengu simulacrum (Depths:1)
  2 polar bears
  A hornet (shapeshifter) (Vaults:5)
  A queen bee (shapeshifter) (Depths:3)
  2 hellwings (Zot:4)
  A snapping turtle (shapeshifter) (Vaults:5)
  15 blink frogs
  8 tyrant leeches
  A spriggan zombie (Depths:2)
  6 dream sheep (Lair:3)
  19 tarantellas
  78 slime creatures
  2 air elementals
  29 jumping spiders
  7 water elementals
  7 wraiths
  17 culicivoras
  A dire elephant simulacrum (IceCv)
  26 yaks
  7 fire elementals
  2 shadows
  A human (Bailey)
  6 wyverns
  8 basilisks
  3 fire bats (Lair:2)
  5 golden eyes
  4 steam dragons
  A hog (D:13)
  5 wargs
  15 vampire mosquitoes
  Menkaure (D:4)
  3 death yak simulacra (IceCv)
  A human simulacrum (Vaults:4)
  45 redbacks
  3 acid dragons
  11 swamp worms
  9 water moccasins
  7 hell hounds
  7 swamp drakes (Swamp:4)
  A swamp worm (shapeshifter) (Zot:4)
  2 ice beasts
  2 black bears
  32 orc warriors
  11 wolves
  13 centaurs
  2 boggarts (Depths:1)
  28 ogres
  2 kobold brigands
  6 two-headed ogre simulacra (IceCv)
  9 bullfrogs
  5 earth elementals
  A gnoll sergeant (D:6)
  4 scorpions
  3 cane toad simulacra (IceCv)
  6 wights
  3 elephant simulacra (IceCv)
  5 killer bees (D:7)
  3 electric eels
  7 howler monkeys
  2 bombardier beetles
  5 lava snakes (Lair:5)
  A gnoll bouda (D:9)
  4 hounds
  7 jellies
  14 orc priests
  A sleepcap (D:7)
  6 iguanas
  7 spriggan simulacra (IceCv)
  19 orc wizards
  3 polar bear simulacra (IceCv)
  2 troll simulacra (IceCv)
  A boggart skeleton (D:15)
  3 wolf simulacra (IceCv)
  16 gnolls
  6 adders
  6 naga simulacra (IceCv)
  A shadow imp (D:5)
  7 white imps
  5 ufetubi (IceCv)
  2 dart slugs
  4 ribbon worms
  61 orcs
  9 endoplasms
  3 giant cockroaches
  11 goblins
  6 hobgoblins
  6 jackals
  12 kobolds
  A quokka (D:1)
  7 ball pythons
  3 bats
  6 frilled lizards
  4 rats
  2 butterflies (Zot:4)
  A fire vortex (D:8)
2244 creatures vanquished.

Vanquished Creatures (collateral kills)
  A dread lich (Vaults:5)
  A bone dragon (Depths:4)
  The ghost of Unkuwan the Warrior, an adept CoBe of Trog (Elf:3)
  A tentacled monstrosity (Swamp:3)
  Agnes (Spider:4)
  A storm dragon (Vaults:5)
  A deep elf sorcerer (Vaults:5)
  2 emperor scorpions (Spider:3)
  A vault warden (Vaults:5)
  An orc warlord (Orc:2)
  An orange crystal statue (Depths:1)
  A deep elf zephyrmancer (Elf:3)
  A hornet (Swamp:2)
  2 slime creatures (Slime:1)
  An ice beast (D:7)
  An orc warrior (Orc:2)
  3 wights
  Crazy Yiuf (D:5)
  2 sleepcaps (D:7)
  An orc wizard (D:6)
25 creatures vanquished.

Vanquished Creatures (others)
  A deep elf blademaster (Elf:3)
  A goliath frog (Swamp:3)
  2 bloated husks
  4 hogs (D:13)
  80 ball lightnings
  A fire vortex (D:8)
  2 foxfires (Swamp:2)
91 creatures vanquished.

Grand Total: 2360 creatures vanquished

Notes
Turn   | Place    | Note
-------+----------+-------------------------------------------
     0 | D:1      | TheMeInTeam the Coglin Hedge Wizard began the quest for the
                  | Orb.
     0 | D:1      | Reached XP level 1. HP: 13/13 MP: 4/4
    77 | D:1      | Reached skill level 1 in Conjurations
   248 | D:1      | Found a faded altar of an unknown god.
   287 | D:1      | Prayed at the altar of an unknown god.
   287 | D:1      | Became a worshipper of Vehumet
   287 | D:1      | Reached * piety under Vehumet
   287 | D:1      | Offered knowledge of Sting by Vehumet.
   301 | D:1      | Learned a level 1 spell: Sting
   303 | D:1      | Learned a level 1 spell: Summon Small Mammal
   343 | D:1      | Reached XP level 2. HP: 20/20 MP: 0/5
   939 | D:1      | Learned a level 2 spell: Call Imp
   955 | D:2      | Found a broken altar of Ashenzari.
  1298 | D:2      | Identified the scarf of an ossuary {harm, Rampage Str+3
                  | Dex+3}
  1585 | D:2      | Reached skill level 1 in Fighting
  1671 | D:2      | Reached XP level 3. HP: 26/26 MP: 7/7
  1947 | D:3      | Found Nuqeuk's Magic Scroll Boutique.
  1950 | D:3      | Bought a scroll of teleportation for 33 gold pieces
  1950 | D:3      | Bought a scroll of identify for 22 gold pieces
  1950 | D:3      | Bought a scroll of identify for 22 gold pieces
  1953 | D:3      | Bought a scroll of amnesia for 44 gold pieces
  1986 | D:3      | Found a stormy altar of Qazlal.
  2024 | D:3      | Reached skill level 1 in Alchemy
  2551 | D:3      | Offered knowledge of Kiss of Death by Vehumet.
  2632 | D:3      | Reached ** piety under Vehumet
  3279 | D:4      | Reached XP level 4. HP: 31/32 MP: 4/8
  3359 | D:4      | Learned a level 3 spell: Mephitic Cloud
  3429 | D:4      | Noticed a scorpion
  3436 | D:4      | Killed a scorpion
  3437 | D:4      | Reached XP level 5. HP: 37/37 MP: 5/9
  3686 | D:4      | Noticed Menkaure
  4252 | D:4      | Reached skill level 1 in Evocations
  4471 | D:4      | Reached skill level 1 in Staves
  4490 | D:4      | Reached skill level 1 in Air Magic
  4490 | D:4      | Reached XP level 6. HP: 44/44 MP: 4/10
  5172 | D:4      | Found a snail-covered altar of Cheibriados.
  5172 | D:4      | Found a glowing golden altar of the Shining One.
  5175 | D:4      | Found a burning altar of Makhleb.
  5181 | D:4      | Found an ornate altar of the Wu Jian Council.
  5280 | D:5      | Entered Level 5 of the Dungeon
  5753 | D:5      | Reached XP level 7. HP: 46/51 MP: 2/11
  5759 | D:5      | Learned a level 2 spell: Blink
  6065 | D:5      | Learned a level 1 spell: Slow
  6588 | D:5      | Found a runed translucent door.
  6588 | D:5      | You fall into a shaft and drop 3 floors!
  6591 | D:8      | Noticed a steam dragon
  6624 | D:8      | Found a runed translucent door.
  6624 | D:8      | Noticed meatmacerator's ghost (novice OpFi)
  6660 | D:7      | Found a hide-covered altar of Uskayaw.
  6798 | D:7      | Found a flagged portal.
  6806 | D:7      | Reached XP level 8. HP: 54/58 MP: 7/13
  6806 | D:7      | Offered knowledge of Mercury Vapours by Vehumet.
  6818 | D:7      | Reached skill level 1 in Hexes
  6831 | D:7      | Learned a level 2 spell: Mercury Vapours
  6882 | Bailey   | Entered a bailey
  6922 | Bailey   | Reached *** piety under Vehumet
  7168 | D:5      | Noticed Crazy Yiuf
  7387 | D:5      | Killed Crazy Yiuf
  7919 | D:6      | Reached XP level 9. HP: 66/66 MP: 9/14
  8212 | D:6      | Found a staircase to the Ecumenical Temple.
  8229 | D:6      | Reached skill level 5 in Alchemy
  8306 | D:6      | Offered knowledge of Olgreb's Toxic Radiance by Vehumet.
  8315 | D:6      | Learned a level 4 spell: Olgreb's Toxic Radiance
  9164 | D:6      | Reached skill level 5 in Fighting
  9278 | D:6      | Found a staircase to the Ecumenical Temple.
  9859 | D:7      | Reached **** piety under Vehumet
 11073 | D:7      | Reached skill level 5 in Conjurations
 11257 | D:8      | Noticed a two-headed ogre
 11276 | D:8      | Killed a two-headed ogre
 11277 | D:8      | Reached skill level 5 in Evocations
 11277 | D:8      | Reached XP level 10. HP: 76/76 MP: 3/16
 11601 | D:8      | Noticed a cyclops
 11675 | D:8      | Offered knowledge of Ignite Poison by Vehumet.
 12307 | D:8      | Found a staircase to the Lair.
 12623 | D:8      | Found a shimmering altar of Xom.
 12623 | D:8      | Found a shimmering altar of Xom.
 12624 | D:8      | Found a shimmering altar of Xom.
 12624 | D:8      | Found a shimmering altar of Xom.
 12625 | D:8      | Found a shimmering altar of Xom.
 12625 | D:8      | Found a shimmering altar of Xom.
 12626 | D:8      | Found a shimmering altar of Xom.
 12628 | D:8      | Found a shimmering altar of Xom.
 12673 | D:8      | Found a radiant altar of Vehumet.
 12800 | D:9      | Noticed Harold
 13144 | D:9      | Killed Harold
 13289 | D:9      | Reached XP level 11. HP: 83/83 MP: 7/18
 13797 | D:9      | Learned a level 4 spell: Ignite Poison
 14090 | D:9      | Noticed a centaur warrior
 14108 | D:9      | Killed a centaur warrior
 14267 | D:9      | Reached ***** piety under Vehumet
 14267 | D:9      | Offered knowledge of Ozocubu's Refrigeration by Vehumet.
 14555 | D:10     | Entered Level 10 of the Dungeon
 14710 | D:10     | Noticed Snorg
 14725 | D:10     | Killed Snorg
 14726 | D:10     | Reached skill level 5 in Spellcasting
 15334 | D:10     | Found Qoot's Antique Armour Shoppe.
 15344 | D:10     | Bought a fine leather armour for 217 gold pieces
 15344 | D:10     | Identified the +0 leather armour "Leileato" {-Cast rC+
                  | Will+ Str+3} (You bought it in a shop on level 10 of the
                  | Dungeon)
 15572 | Lair:1   | Entered Level 1 of the Lair of Beasts
 15751 | Lair:1   | Identified the orb of the Game Afoot {*channel, rPois}
 16238 | Lair:1   | Reached skill level 5 in Staves
 16497 | Lair:1   | Reached XP level 12. HP: 92/92 MP: 8/20
 17022 | Lair:2   | Found a staircase to the Swamp.
 17058 | Lair:2   | Reached skill level 5 in Air Magic
 17083 | Lair:2   | Noticed a five-headed hydra
 17313 | Lair:2   | Noticed a death yak
 17316 | Lair:2   | Noticed a death yak
 17322 | Lair:2   | Killed a death yak
 17333 | Lair:2   | Killed a death yak
 17342 | Lair:2   | Found a gate leading to a gauntlet.
 17357 | Gauntlet | Entered a Gauntlet
 17357 | Gauntlet | Found a transporter.
 17409 | Gauntlet | Found a transporter.
 17429 | Gauntlet | Found a transporter.
 17433 | Gauntlet | Found a transporter.
 17436 | Gauntlet | Noticed a reaper
 17439 | Gauntlet | Found a transporter.
 17459 | Gauntlet | Found a transporter.
 17462 | Gauntlet | Found a transporter.
 17466 | Gauntlet | Found a transporter.
 17495 | Gauntlet | Found a transporter.
 17503 | Gauntlet | Found a transporter.
 17503 | Gauntlet | Found a transporter.
 17511 | Gauntlet | Found a transporter.
 17726 | Gauntlet | Identified a scroll of acquirement
 17726 | Gauntlet | Acquired 1198 gold pieces
 17837 | Gauntlet | Noticed a minotaur
 17943 | Gauntlet | Killed a minotaur
 18215 | Lair:2   | Killed a five-headed hydra
 18671 | Lair:2   | Reached skill level 10 in Alchemy
 19248 | Lair:3   | Found a hole to the Spider Nest.
 19294 | Lair:3   | Reached XP level 13. HP: 72/101 MP: 2/22
 20419 | Lair:3   | Learned a level 5 spell: Irradiate
 20593 | Lair:4   | Reached skill level 10 in Fighting
 20895 | Lair:4   | Found a staircase to the Slime Pits.
 20958 | Lair:4   | Found a viscous altar of Jiyva.
 21265 | Lair:4   | Identified the +5 chain mail of Mix Wic {+Inv rPois MP+9}
 21315 | Lair:4   | Offered knowledge of Iskenderun's Mystic Blast by Vehumet.
 21670 | Lair:5   | Entered Level 5 of the Lair of Beasts
 21960 | Lair:5   | Reached skill level 1 in Fire Magic
 21970 | Lair:4   | Reached skill level 1 in Ice Magic
 22105 | Lair:4   | Reached skill level 10 in Conjurations
 22271 | Lair:5   | Noticed Rupert
 22392 | Lair:5   | Reached XP level 14. HP: 108/110 MP: 9/24
 22492 | Lair:4   | Acquired a bismuth dynamo {RevMP, rElec rC+}
 22513 | Lair:5   | Reached skill level 10 in Evocations
 22844 | Lair:5   | Killed Rupert
 23235 | Lair:5   | Identified the +1 scale mail of Cyifuzou {rElec rN+ Dex-2}
 24523 | Lair:5   | Found a large runed translucent door.
 24524 | Lair:5   | Found a large runed translucent door.
 25311 | D:11     | Found a staircase to the Orcish Mines.
 25572 | D:11     | Found a hazy altar of Hepliaklqana.
 25612 | D:11     | Offered knowledge of Plasma Beam by Vehumet.
 26162 | Orc:1    | Entered Level 1 of the Orcish Mines
 26578 | Orc:1    | Found a roughly hewn altar of Beogh.
 26708 | Orc:2    | Entered Level 2 of the Orcish Mines
 26711 | Orc:2    | Noticed an orc warlord
 26715 | Orc:2    | Reached XP level 15. HP: 90/115 MP: 18/27
 26716 | Orc:2    | Killed an orc warlord
 26859 | Orc:2    | Noticed an orc warlord
 26987 | Orc:2    | Reached skill level 5 in Ice Magic
 27001 | Orc:2    | Killed an orc warlord
 27211 | Orc:1    | Found a runed translucent door.
 27214 | Orc:1    | Noticed a balrug
 27424 | Orc:2    | Found a staircase to the Elven Halls.
 27673 | Orc:2    | Learned a level 5 spell: Freezing Cloud
 27897 | Orc:2    | Offered knowledge of Iskenderun's Battlesphere by Vehumet.
 28328 | Orc:2    | Found Qoschui's Armour Shoppe.
 28328 | Orc:2    | Found Pupig's Antique Weapon Boutique.
 28331 | Orc:2    | Found Fanai's Assorted Antiques.
 28331 | Orc:2    | Found Qiass's Antique Armour Shoppe.
 28377 | Orc:2    | Bought a phantom mirror for 1120 gold pieces
 28378 | Orc:2    | Bought the +3 leather armour of the Midnight Sun {rCorr
                  | Dex+4} for 532 gold pieces
 28542 | Orc:2    | Bought the +3 warlock's mirror {omnireflect} for 560 gold
                  | pieces
 28542 | Orc:2    | Found the +3 warlock's mirror {omnireflect}
 28882 | D:12     | Found Dolip's Book Shoppe.
 29505 | D:13     | Noticed Azrael
 29632 | D:13     | Found a frozen archway.
 29664 | IceCv    | Entered an ice cave
 29979 | IceCv    | Reached skill level 1 in Armour
 30017 | IceCv    | Got the Secrets of the Wendigo
 30093 | IceCv    | Offered knowledge of Bombard by Vehumet.
 30347 | IceCv    | Reached skill level 1 in Shields
 30557 | D:13     | Found a runed translucent gate.
 30557 | D:13     | Found a runed translucent gate.
 30753 | D:13     | Noticed Afosuck's ghost (journeyman HOFi)
 30776 | D:13     | Found a runed translucent gate.
 30871 | D:13     | Noticed Erolcha
 30878 | D:13     | Killed Erolcha
 31471 | D:13     | Killed Azrael
 31756 | D:13     | Noticed Kirke
 31769 | D:13     | Killed Kirke
 32333 | D:14     | Reached XP level 16. HP: 119/122 MP: 10/29
 32736 | D:14     | Identified the +5 dagger "Qaceydgh" {flame, rC++}
 33337 | D:14     | Found a gate to the Vaults.
 33510 | D:15     | Entered Level 15 of the Dungeon
 34319 | D:15     | Noticed Jorgrun
 34332 | D:15     | Killed Jorgrun
 34714 | D:15     | Found Guusulat's Assorted Antiques.
 34839 | D:15     | Identified the ring "Yckown" {Will+ rCorr Stlth+}
 34971 | D:15     | Noticed Josephine
 35035 | D:15     | Killed Josephine
 35063 | D:15     | Bought a scroll of teleportation for 81 gold pieces
 35063 | D:15     | Bought a potion of curing for 81 gold pieces
 35152 | D:15     | Reached skill level 10 in Staves
 35354 | D:15     | Found Isyisargh's Assorted Antiques.
 35368 | D:15     | Offered knowledge of Conjure Ball Lightning by Vehumet.
 35752 | D:15     | Noticed Louise
 35762 | D:15     | Killed Louise
 36111 | D:15     | Found a staircase to the Depths.
 36195 | D:15     | Found Hejilu's Magic Scroll Shoppe.
 36203 | D:15     | Bought a scroll of fear for 56 gold pieces
 36203 | D:15     | Bought a scroll of fear for 56 gold pieces
 36203 | D:15     | Bought 3 scrolls of identify for 84 gold pieces
 36203 | D:15     | Bought a scroll of identify for 28 gold pieces
 36203 | D:15     | Bought a scroll of revelation for 105 gold pieces
 36525 | Swamp:1  | Entered Level 1 of the Swamp
 37796 | Swamp:2  | Reached XP level 17. HP: 106/128 MP: 10/30
 38030 | Swamp:2  | Reached ****** piety under Vehumet
 38443 | Swamp:2  | Reached skill level 5 in Dodging
 38727 | Swamp:2  | Offered knowledge of Maxwell's Capacitive Coupling by
                  | Vehumet.
 38760 | Swamp:2  | Learned a level 5 spell: Yara's Violent Unravelling
 39030 | Swamp:3  | Noticed Roxanne
 39053 | Swamp:3  | Noticed a tentacled monstrosity
 39184 | Swamp:3  | Killed a tentacled monstrosity
 39927 | Spider:1 | Entered Level 1 of the Spider Nest
 39932 | Spider:1 | Noticed Mlioglotl
 39953 | Lair:3   | Killed Mlioglotl
 40053 | Spider:1 | Reached skill level 10 in Air Magic
 40424 | Spider:1 | Reached skill level 10 in Spellcasting
 40504 | Spider:1 | Reached skill level 5 in Armour
 41741 | Spider:2 | Offered knowledge of Fire Storm by Vehumet.
 41741 | Spider:2 | Offered knowledge of Shatter by Vehumet.
 41741 | Spider:2 | Offered knowledge of Chain Lightning by Vehumet.
 41776 | Spider:2 | Reached skill level 5 in Hexes
 42584 | Spider:2 | Reached XP level 18. HP: 117/134 MP: 15/32
 44356 | Spider:3 | Reached skill level 5 in Shields
 45120 | Spider:3 | Reached skill level 15 in Evocations
 45670 | Spider:4 | Entered Level 4 of the Spider Nest
 45991 | Spider:4 | Noticed Donald
 45999 | Spider:4 | Killed Donald
 46764 | Spider:4 | Noticed Agnes
 46772 | Spider:4 | Identified the serpent talisman of the Brewing Gods {+Blink
                  | Str-3 Dex+6}
 46772 | Spider:4 | Noticed Aizul
 46776 | Spider:4 | Killed Agnes
 46790 | Spider:4 | Killed Aizul
 47687 | Spider:4 | Got a gossamer rune of Zot
 48068 | D:3      | Bought 3 scrolls of amnesia for 132 gold pieces
 48068 | D:3      | Bought a scroll of vulnerability for 44 gold pieces
 48068 | D:3      | Bought a scroll of revelation for 82 gold pieces
 48075 | D:3      | Learned a level 5 spell: Silence
 48450 | Swamp:3  | Killed Roxanne
 48667 | Swamp:4  | Entered Level 4 of the Swamp
 48709 | Swamp:4  | Reached XP level 19. HP: 92/142 MP: 25/33
 50857 | Swamp:4  | Got a decaying rune of Zot
 51162 | Orc:2    | Upgraded the game from 0.32-a0-666-ge8a88695a4 to
                  | 0.32-a0-673-g3729bd50f8
 51163 | Elf:1    | Entered Level 1 of the Elven Halls
 51500 | Elf:1    | Identified the ring "Rasuoghusu" {rF+ rCorr MP+9 Slay+3}
 51881 | Elf:1    | Learned a level 3 spell: Stone Arrow
 53433 | Elf:1    | Learned a level 2 spell: Blink
 53588 | Elf:2    | Identified the +8 war axe "Beted" {heavy, rPois rC+ Int+2}
 54338 | Elf:2    | Reached XP level 20. HP: 132/152 MP: 18/35
 54421 | Elf:2    | Found a radiant altar of Vehumet.
 54688 | Elf:2    | Found a huge runed translucent gate.
 54688 | Elf:2    | Found a huge runed translucent gate.
 54688 | Elf:2    | Found a huge runed translucent gate.
 54692 | Elf:2    | Found a huge runed translucent gate.
 54720 | Elf:2    | Found a huge runed translucent gate.
 56135 | Elf:3    | Entered Level 3 of the Elven Halls
 56149 | Elf:3    | Found a transporter.
 56178 | Elf:3    | Noticed Norris
 56190 | Elf:3    | Killed Norris
 56328 | Elf:3    | Found a transporter.
 56328 | Elf:3    | Identified the +2 leather armour of Kaol {Slay+2}
 56328 | Elf:3    | Noticed Unkuwan's ghost (adept CoBe)
 56417 | Elf:3    | Identified the +3 robe of the Comet {rF+ Int+2}
 56417 | Elf:3    | Noticed Boris
 56438 | Elf:3    | Killed Boris
 56667 | Elf:3    | Identified the +3 whip of Stained Tenacity {freeze, Str+5
                  | Int+3}
 57034 | Elf:3    | Identified the +5 short sword of Reofenef {drain, Stlth+}
 57034 | Elf:3    | Identified the +6 broad axe "Tituz" {vamp, rElec Stlth+}
 57044 | Elf:3    | Identified the +8 falchion of Dishonesty {freeze, rN+
                  | Str+2}
 57528 | Elf:3    | Identified the +2 scale mail of Happy Babbling {Harm rF++
                  | Dex-3}
 57530 | Elf:3    | Identified the staff of a volcano {rElec rF+ Conj}
 57568 | Elf:3    | Got Sif Muna's Elucidation of Mustered Congelation
 57576 | Elf:3    | Got the Thoughts on the Fjord
 57607 | Elf:3    | Got the Codex of Electricity
 58204 | D:10     | Bought a dazzling troll leather armour for 620 gold pieces
 58204 | D:10     | Identified the +3 troll leather armour of the Summoning
                  | Ears {rF+ Will+ Regen+ Str+4} (You bought it in a shop on
                  | level 10 of the Dungeon)
 58342 | D:15     | Bought a scroll of enchant armour for 105 gold pieces
 58404 | Vaults:1 | Entered Level 1 of the Vaults
 58525 | Vaults:1 | Found Gamoazei's Weapon Shop.
 58737 | Vaults:1 | Identified the +3 scimitar of a Labyrinth {pain, Str+5
                  | Int-3}
 59255 | Vaults:1 | Reached XP level 21. HP: 161/161 MP: 33/36
 59323 | Vaults:1 | Identified the +2 robe of Reason {rF+ Stlth+ Archmagi}
 59342 | Vaults:1 | Noticed Saint Roka
 59439 | Vaults:1 | Killed Saint Roka
 60686 | Vaults:2 | Identified the +2 leather armour "Ypsewes" {+Blink rN+
                  | Int+2 Stlth-}
 60711 | Vaults:2 | Reached skill level 10 in Dodging
 60874 | Vaults:2 | Reached skill level 10 in Armour
 61203 | Vaults:2 | Paralysed by a formless jellyfish for 1 turns
 61317 | Vaults:2 | Found Sijosot's Jewellery Shop.
 61421 | Vaults:2 | You fall into a shaft and drop 1 floor!
 61433 | Vaults:3 | Identified the +0 pair of boots of Coegao {rN+ Will+ Int-4
                  | Dex+2}
 62281 | Vaults:3 | Noticed Zenata
 62326 | Vaults:3 | Killed Zenata
 62488 | Vaults:3 | Reached XP level 22. HP: 171/171 MP: 38/38
 63451 | Vaults:4 | Found Manteet's Weapon Boutique.
 65875 | D:4      | Found a snail-covered altar of Cheibriados.
 65999 | D:4      | Killed Menkaure
 66134 | D:8      | Killed meatmacerator's ghost
 66520 | D:13     | Killed Afosuck's ghost
 66776 | Elf:3    | Killed Unkuwan's ghost
 67118 | D:15     | Learned a level 6 spell: Conjure Ball Lightning
 67148 | Depths:1 | Entered Level 1 of the Depths
 67636 | Depths:1 | Reached skill level 15 in Fighting
 67810 | Depths:1 | Found a one-way gate to the infinite horrors of the Abyss.
 67871 | Depths:1 | Reached XP level 23. HP: 126/181 MP: 29/40
 68004 | Depths:1 | Found a gateway to Hell.
 68951 | Depths:1 | Identified the +1 scale mail "Jiullum" {rPois rF+}
 68952 | Depths:1 | Identified the +7 spear "Uloset" {pain, rN++ Will++}
 69597 | Depths:1 | Reached skill level 15 in Conjurations
 71891 | Depths:2 | Noticed an ancient lich
 71905 | Depths:2 | Killed an ancient lich
 71905 | Depths:2 | Noticed an ancient lich
 72029 | Depths:2 | Killed an ancient lich
 72723 | Depths:2 | You fall into a shaft and drop 2 floors!
 72723 | Depths:4 | Entered Level 4 of the Depths
 73057 | Depths:3 | Noticed a golden dragon
 73172 | Depths:3 | Identified the +4 robe of Hes Jaciz {+Inv Str+5 Dex+3}
 73172 | Depths:3 | Noticed Boris
 73214 | Depths:4 | Found a one-way gateway to a ziggurat.
 73298 | Depths:4 | Reached XP level 24. HP: 173/191 MP: 33/41
 73782 | Depths:4 | Found a gate to the Realm of Zot.
 73951 | Depths:4 | Found a one-way gate leading to the halls of Pandemonium.
 74251 | Depths:4 | Noticed a juggernaut
 74260 | Depths:4 | Killed a juggernaut
 74261 | Depths:4 | Reached skill level 15 in Spellcasting
 74529 | Depths:4 | Identified the +9 falchion of Desertification {freeze,
                  | Str+3}
 75228 | Depths:3 | Found a blossoming altar of Fedhas.
 75922 | Depths:3 | Noticed a juggernaut
 75929 | Depths:3 | Killed a juggernaut
 77064 | Slime:1  | Entered Level 1 of the Pits of Slime
 77914 | Slime:2  | Paralysed by a formless jellyfish for 1 turns
 78044 | Slime:3  | Paralysed by a formless jellyfish for 1 turns
 78718 | Slime:5  | Entered Level 5 of the Pits of Slime
 78718 | Slime:5  | Found the +7 great mace "Firestarter" {flame, immolate,
                  | rFlCloud rF++}
 79121 | Slime:5  | Noticed the Royal Jelly
 79509 | Slime:5  | Killed the Royal Jelly
 79510 | Slime:5  | Reached skill level 15 in Dodging
 79510 | Slime:5  | Reached XP level 25. HP: 203/203 MP: 42/42
 79777 | Slime:5  | Identified the ring "Wequ" {rPois rCorr Stlth+}
 79779 | Slime:5  | Got a slimy rune of Zot
 79797 | Slime:5  | Identified the +1 robe of Loemykh {rN+ Str+6 Dex+2 Stlth+}
 79804 | Slime:5  | Identified the +5 rapier of Fate {venom, rN+ rCorr Str-5
                  | Int+4 Dex+5}
 79828 | Slime:5  | Identified the +8 plate armour of the Lich-sworn {rF+}
 79894 | Slime:5  | Identified the +7 falchion "Yxtaapt" {drain, rF++}
 79904 | Slime:5  | Identified the +0 chain mail of the Skiapode {Dex+2}
 80292 | Slime:5  | Learned a level 6 spell: Bombard
 80721 | Vaults:5 | Entered Level 5 of the Vaults
 80725 | Vaults:5 | Reached skill level 1 in Earth Magic
 81149 | Vaults:5 | Noticed a dread lich
 81149 | Vaults:5 | Found the +3 hat of Pondering {ponderous, Will+ MP+10
                  | Int+5}
 81165 | Vaults:5 | Killed a dread lich
 81556 | Vaults:5 | Identified the +5 ring mail "Wuonill" {Harm}
 82054 | Vaults:5 | Reached skill level 5 in Earth Magic
 82498 | Vaults:5 | Identified the +5 mace "Guobuosch" {freeze, *Rage Str+3}
 82622 | Vaults:5 | Found Inaato's Assorted Antiques.
 82709 | Vaults:5 | Identified the +4 mace "Backscratcher" {drain, rF+ Int+2}
 82737 | Vaults:5 | Bought a potion of haste for 380 gold pieces
 82737 | Vaults:5 | Bought a wand of warping (4) for 364 gold pieces
 82737 | Vaults:5 | Bought a wand of mindburst (6) for 319 gold pieces
 82737 | Vaults:5 | Bought a wand of paralysis (4) for 364 gold pieces
 82737 | Vaults:5 | Bought a wand of paralysis (3) for 273 gold pieces
 82822 | Vaults:5 | Got the Spellbook of Mischance
 83002 | Vaults:5 | Identified the +8 trident of the Warrior-Mage {flame, rF-
                  | Will+ Str+3 Dex+5}
 84060 | Vaults:5 | Identified the staff "Irphoreph" {rF+ rC+ Fire Alchemy}
 84252 | Vaults:5 | Identified the +3 ring mail "Vano" {+Blink rN+ Dex+4}
 84400 | Vaults:5 | Got a silver rune of Zot
 84468 | Vaults:5 | Reached XP level 26. HP: 215/215 MP: 41/43
 84857 | Zot:1    | Entered Level 1 of the Realm of Zot
 85886 | Zot:1    | Noticed Parghit
 85894 | Zot:1    | Parghit changed into Parghit the rockslime
 85894 | Zot:1    | Noticed Parghit
 85902 | Zot:1    | Killed Parghit the rockslime
 85959 | Zot:1    | You fall into a shaft and drop 1 floor!
 87462 | Zot:2    | Noticed an orb of fire
 87463 | Zot:2    | Gained mutation: Potions are less effective at restoring
                  | your health. [an orb of fire]
 87465 | Zot:2    | Gained mutation: Your magical capacity is low. (-10% MP)
                  | [an orb of fire]
 87477 | Zot:2    | Killed an orb of fire
 89193 | Zot:3    | Reached skill level 10 in Earth Magic
 89572 | Zot:3    | Found a stormy altar of Qazlal.
 89603 | Zot:3    | Got Wainoss's Elucidation of Fire and Brimstone
 90391 | Zot:4    | Found a shimmering altar of Xom.
 90393 | Zot:4    | Noticed a Killer Klown
 90416 | Zot:4    | Killed a Killer Klown
 90636 | Zot:4    | Noticed a Killer Klown
 90652 | Zot:4    | Killed a Killer Klown
 90700 | Zot:4    | Found a shimmering altar of Xom.
 90840 | Zot:4    | Reached XP level 27. HP: 162/224 MP: 38/38
 90949 | Zot:4    | Found a shimmering altar of Xom.
 90949 | Zot:4    | Found a shimmering altar of Xom.
 90949 | Zot:4    | Found a glowing silver altar of Zin.
 90951 | Zot:4    | Found a shimmering altar of Xom.
 91378 | Zot:4    | HP: 11/224 [something (15)]
 91721 | Zot:4    | Found a hazy altar of Hepliaklqana.
 92142 | Zot:4    | Found a shadowy altar of Dithmenos.
 92509 | Zot:4    | Got Sahiower's Incunable of the Sky and Misfortune
 92874 | Zot:4    | Found a shimmering altar of Xom.
 92875 | Zot:4    | Found a shimmering altar of Xom.
 93090 | Zot:5    | Entered Level 5 of the Realm of Zot
 93869 | Zot:5    | Noticed an orb of fire
 93871 | Zot:5    | Gained mutation: You are agile. (Dex +4, Str/Int -1) [an
                  | orb of fire]
 93876 | Zot:5    | Gained mutation: You occasionally lose the ability to drink
                  | potions when taking damage. [an orb of fire]
 93878 | Zot:5    | Killed an orb of fire
 94026 | Zot:5    | Noticed a dread lich
 94165 | Zot:5    | Noticed an orb of fire
 94169 | Zot:5    | Gained mutation: You sometimes lose the ability to drink
                  | potions when taking damage. [an orb of fire]
 94178 | Zot:5    | Gained mutation: Your body sometimes deteriorates upon
                  | taking damage. [an orb of fire]
 94185 | Zot:5    | Killed an orb of fire
 94296 | Zot:5    | Noticed a dread lich
 94302 | Zot:5    | Killed a dread lich
 94400 | Zot:5    | Noticed an ancient lich
 94403 | Zot:5    | Noticed an ancient lich
 94404 | Zot:5    | Killed an ancient lich
 94429 | Zot:5    | Killed an ancient lich
 95224 | Zot:5    | Noticed a dread lich
 95231 | Zot:5    | Killed a dread lich
 95400 | Zot:5    | Noticed an ancient lich
 95406 | Zot:5    | Killed an ancient lich
 95407 | Zot:5    | Noticed a dread lich
 95425 | Zot:5    | Killed a dread lich
 95694 | Zot:5    | Learned a level 1 spell: Apportation
 95760 | Zot:5    | Noticed an ancient lich
 95765 | Zot:5    | Killed an ancient lich
 95879 | Zot:5    | Noticed an orb of fire
 95881 | Zot:5    | Lost mutation: Your magical capacity is low. (-10% MP) [an
                  | orb of fire]
 95886 | Zot:5    | Killed an orb of fire
 96031 | Zot:5    | Noticed an ancient lich
 96047 | Zot:5    | Killed an ancient lich
 96130 | Zot:5    | Noticed a dread lich
 96135 | Zot:5    | Killed a dread lich
 96275 | Zot:5    | Noticed a dread lich
 96474 | Zot:5    | Noticed a dread lich
 96483 | Zot:5    | Killed a dread lich
 96583 | Zot:5    | Killed a dread lich
 96830 | Zot:5    | Killed a dread lich
 97654 | Zot:5    | Noticed an ancient lich
 97659 | Zot:5    | Killed an ancient lich
 97968 | Zot:5    | Lost mutation: Your body sometimes deteriorates upon taking
                  | damage. [potion of mutation]
 97968 | Zot:5    | Lost mutation: You sometimes lose the ability to drink
                  | potions when taking damage. [potion of mutation]
 97968 | Zot:5    | Gained mutation: You have a somewhat thin skeletal
                  | structure. (Dex +2, Stealth+) [potion of mutation]
 97968 | Zot:5    | Gained mutation: Your flesh is cold resistant. (rC+)
                  | [potion of mutation]
 97969 | Zot:5    | Lost mutation: Potions are less effective at restoring your
                  | health. [potion of mutation]
 97969 | Zot:5    | Lost mutation: Your flesh is cold resistant. (rC+) [potion
                  | of mutation]
 97969 | Zot:5    | Gained mutation: You are weak. (Str -2) [potion of
                  | mutation]
 97969 | Zot:5    | Gained mutation: You are strong-willed. (Will+) [potion of
                  | mutation]
 97969 | Zot:5    | Gained mutation: You are highly strong-willed. (Will++)
                  | [potion of mutation]
 97970 | Zot:5    | Lost mutation: You are agile. (Dex +4, Str/Int -1) [potion
                  | of mutation]
 97970 | Zot:5    | Lost mutation: You occasionally lose the ability to drink
                  | potions when taking damage. [potion of mutation]
 97970 | Zot:5    | Gained mutation: Your mind is acute. (Int +4, Str/Dex -1)
                  | [potion of mutation]
 97970 | Zot:5    | Gained mutation: Your flesh is heat resistant. (rF+)
                  | [potion of mutation]
 97978 | Zot:5    | Got the Orb of Zot
 98411 | D:8      | Noticed Volio the pandemonium lord
 98614 | D:$      | Escaped with the Orb!

Illustrated notes

Levels and vault maps discovered:
D:1:      saegor_arrival_simple_e, layout_basic,
          ebering_ecumenical_altar_sacrificial, hangedman_decor_peaks_small
D:2:      layout_basic, basic_altar
D:3:      layout_basic, general_overflow_altar, serial_shops,
          nicolae_shop_rolled_up
D:4:      layout_basic, mainiacjoe_overflow_alcove_3, grunt_ministairs_8,
          uniq_menkaure
D:5:      layout_rooms, uniq_crazy_yiuf_cottage
D:6:      layout_basic, minmay_temple_entry_grid
D:7:      layout_basic, eat_drink_and_be_merry_uskayaw, enter_bailey_7,
          nicolae_benzene_ring
D:8:      layout_rooms, mainiacjoe_overflow_alcove_2, xom_shifter_show,
          david_lair_shrubbed, ebering_ghost_inner_flame
D:9:      layout_cave_pools, uniq_harold
D:10:     layout_gridville, serial_shops, nicolae_lakefront_shop, uniq_snorg
D:11:     layout_roguey, orc_0_dummy, grunt_ministairs_8,
          nicolae_hepliaklqana_hazy_memory
D:12:     layout_basic, serial_shops, nicolae_shop_crystal
D:13:     layout_basic, portal_ice_cave_entry_pillars_2,
          maelrawn_ghost_gauntlet_escape, wad_woods_river_04, uniq_kirke,
          uniq_azrael, uniq_erolcha
D:14:     layout_loops_ring, hellmonk_vaults_attempted_burglary
D:15:     grunt_enter_depths_magical_seal, layout_basic, minmay_door_square,
          serial_shops, nicolae_shop_overgrown_old_shop, shop, shop,
          uniq_josephine, uniq_louise, uniq_jorgrun
Lair:1:   layout_long_grid, pdpol_lair_neglected_garden,
          nicolae_lair_grazing_beasts [nicolae_sub_lair_graze_edge,
          nicolae_sub_lair_graze_edge, nicolae_sub_lair_graze_edge,
          nicolae_sub_lair_graze_edge]
Lair:2:   layout_loops_ring, mainiacjoe_swamp_entry_lozenge_pond,
          nicolae_volcano_entry_batcave, gauntlet_entry_generic
Lair:3:   layout_roguey, spider_nest_entry_rubble, grunt_megastairs_4,
          infiniplex_staircase_pool
Lair:4:   layout_layer_cave, nicolae_slime_entry_slimehenge,
          nicolae_lair_yak_garden, infiniplex_staircase_pool_2
Lair:5:   cheibrodos_lair_end_hotspot, layout_regular_city, minivault_25,
          chequers_serial_rivers_micro_c, uniq_rupert
Swamp:1:  layout_basic_swamp, evilmike_swamp_ruin_wall
Swamp:2:  layout_falls_marsh, hangedman_swamp_ruin_wall
Swamp:3:  layout_falls_marsh, evilmike_swamp_ruin_house_3, uniq_roxanne
Swamp:4:  swamp, layout_basic_swamp
Spider:1: layout_spider_delve, uniq_mlioglotl
Spider:2: layout_spider_delve
Spider:3: layout_cave_pods, drop_trap, nicolae_spider_scorpion_nest
Spider:4: grunt_spider_rune_island, uniq_donald, uniq_aizul, uniq_agnes
Slime:1:  layout_caves
Slime:2:  layout_caves
Slime:3:  layout_caves
Slime:4:  layout_caves, cheibrodos_slime_lost_civilization_7, uniq_dissolution
Slime:5:  slime_pit_nicolae_jellycorners
Orc:1:    dreamdust_dug_too_deep, layout_diamond_mine, mines1_david
Orc:2:    st_orc_ogre_mass, layout_diamond_mine, nicolae_orc_tapped_out
Elf:1:    layout_loops_ring, evilmike_minifort
Elf:2:    elven_hall_of_blades_hangedman_alternative
          [nicolae_blade_little_rooms], layout_rooms, basic_altar
Elf:3:    elf_hall, layout_geoelf_octagon, gammafunk_ghost_arena,
          minmay_fountain_box, uniq_boris, uniq_norris
Vaults:1: nicolae_vaults_more_shelving_2, nicolae_vaults_storage_closets_2,
          v_pattern_1, vaults_mumra_lcd, st_lattice, v_misc_10,
          nicolae_vaults_mini_display_case, v_misc_30, v_misc_19,
          nicolae_vaults_tetromino_L_1, layout_vaults_ring, serial_shops, shop,
          uniq_saint_roka
Vaults:2: nicolae_vaults_ring_of_whatevers, nicolae_vaults_six-pack,
          vaults_mumra_chevron, vaults_room_boxed, nicolae_vaults_arrows,
          vaults_mumra_hexcomb, nicolae_vaults_big_ls, v_rooms_5,
          st_quartered_hall, nicolae_vaults_octothorpe, nicolae_vaults_theta,
          nicolae_vaults_house_3, blue_anna_dwarven_crypt,
          layout_vaults_maze_bifur, serial_shops, nicolae_shop_gaudy_bauble
Vaults:3: v_misc_27, nicolae_vaults_hexular_roomagon, vaults_standard_mumra_x,
          hangedman_vaults_maws, nicolae_vaults_mush_room,
          nicolae_vaults_triangles, v_misc_18, nicolae_vaults_network_s,
          nicolae_vaults_shelves_hall, nicolae_vaults_angled_halls,
          grunt_vaults_focal, nicolae_vaults_tetromino_Z_1,
          nicolae_vaults_trapezoid_lopsided_1, vaults_dpeg_cross,
          nicolae_vaults_double_plus_2, layout_vaults_big_cross, uniq_zenata
Vaults:4: nicolae_vaults_tetromino_L_2, v_misc_28, nicolae_vaults_theta,
          vaults_room_fours, nicolae_vaults_crenellated_ambush,
          vaults_room_pool, layout_vaults_omnigrid, serial_shops,
          nicolae_shop_scrapyard
Vaults:5
Depths:1: minmay_distorted_concentric_squares, layout_honeycomb,
          abyss_entry_small_statue_room, hell_entry, horrible_house_mu,
          serial_bayou_shore_b
Depths:2: minmay_tri_stars, layout_cave_pools, nicolae_lava_and_water,
          grunt_pan_entry_in_and_out, pf_coc_iceberg
Depths:3: minmay_inside_and_out, layout_cave_shapes, abyss_entry_glasseish,
          hell_entry, fedhas_altar_1, hangedman_decor_diamond_cutter
Depths:4: grunt_zot_entry_funnels, layout_honeycomb, enter_ziggurat_d,
          pan_entry, dreamdust_wishing_well, grunt_hell_horde
Zot:1:    layout_gridlike, uniq_parghit
Zot:2:    layout_misc_corridors, grunt_megastairs_2
Zot:3:    nicolae_zot_draconian_monastery, layout_onion_interference
Zot:4:    dreamdust_zin_vs_xom, layout_gridville,
          regret_index_zot_stipple_split, st_stairs_11
Zot:5:    layout_concentric_octagons, regret_index_zotdec_onion_hex,
          grunt_ministairs_7

Skill      XL: |  1  2  3  4  5  6  7  8  9 10 11 12 13 14 15 16 17 18 19 20 21 22 23 24 25 26 27 |
---------------+----------------------------------------------------------------------------------+-----
Conjurations   | 1 2 3 4 5 6 7 8 10 11 12 13 14 15 16 18 | 18.3
Fighting       | 1 2 3 4 5 6 8 9 10 11 12 13 15 16 17 19 20 | 20.0
Alchemy        | 1 2 3 4 6 7 8 10 | 10.0
Summonings     | 2 3 |  3.0
Stealth        | 2 |  2.0
Evocations     | 1 2 3 5 6 7 8 9 11 12 13 14 15 16 | 16.0
Staves         | 1 2 3 4 5 7 8 9 10 11 12 | 12.0
Air Magic      | 1 2 3 4 5 6 7 9 10 | 10.0
Spellcasting   | 3 4 5 6 7 8 9 10 11 12 13 14 15 16 17 | 17.9
Hexes          | 1 3 4 5 6 7 8 |  8.0
Translocations | 2 |  2.0
Fire Magic     | 2 4 |  4.0
Ice Magic      | 2 4 6 7 8 |  8.0
Dodging        | 3 4 6 7 8 9 10 12 13 15 16 18 20 | 20.2
Armour         | 2 4 5 6 7 9 10 11 | 11.0
Shields        | 1 3 4 5 6 |  6.0
Earth Magic    | 6 10 | 10.0

Action                     |  1- 3 |  4- 6 |  7- 9 | 10-12 | 13-15 | 16-18 | 19-21 | 22-24 | 25-27 || total
---------------------------+-------+-------+-------+-------+-------+-------+-------+-------+-------++-------
  Melee: Dagger            |    25 |       |       |       |       |       |       |       |       ||    25
         Staff             |    20 |    47 |   157 |   138 |   417 |   556 |   398 |   834 |   647 ||  3214
   Cast: Magic Dart        |    61 |    71 |    94 |    68 |   153 |    26 |    13 |       |       ||   486
         Sting             |    47 |    58 |   138 |    88 |   122 |       |       |       |       ||   453
         Summon Small Mamm |       |       |     7 |       |       |       |       |       |       ||     7
         Call Imp          |       |       |    16 |    14 |       |     1 |       |       |       ||    31
         Mercury Vapours   |       |       |    24 |     5 |       |       |       |       |       ||    29
         Mephitic Cloud    |       |       |    12 |    45 |    65 |    56 |    57 |    22 |     8 ||   265
         Olgreb's Toxic Ra |       |       |    12 |    80 |   112 |   149 |    64 |   118 |    63 ||   598
         Blink             |       |       |     1 |       |       |       |     3 |       |       ||     4
         Ignite Poison     |       |       |       |    27 |    59 |    41 |    24 |    68 |    26 ||   245
         Irradiate         |       |       |       |       |    65 |    87 |    61 |    89 |    63 ||   365
         Freezing Cloud    |       |       |       |       |    28 |   174 |   227 |   257 |   250 ||   936
         Yara's Violent Un |       |       |       |       |       |     6 |    39 |    32 |    50 ||   127
         Silence           |       |       |       |       |       |     2 |     1 |       |       ||     3
         Stone Arrow       |       |       |       |       |       |       |   172 |   252 |    32 ||   456
         Conjure Ball Ligh |       |       |       |       |       |       |       |    32 |       ||    32
         Bombard           |       |       |       |       |       |       |       |       |   468 ||   468
         Apportation       |       |       |       |       |       |       |       |       |     4 ||     4
Ability: Invent Gizmo      |       |       |       |       |     1 |       |       |       |       ||     1
  Evoke: Wand              |       |       |       |    12 |     4 |    14 |     4 |     5 |    13 ||    52
         Box of beasts     |       |       |       |       |     2 |     3 |       |     3 |     1 ||     9
         Lightning rod     |       |       |       |       |     4 |    10 |     5 |     7 |     3 ||    29
         Phantom mirror    |       |       |       |       |       |     3 |       |     2 |       ||     5
    Use: Scroll            |     4 |     3 |     9 |    10 |     4 |    23 |     5 |    15 |    11 ||    84
         Potion            |       |       |     4 |     5 |     5 |     4 |     3 |     6 |    12 ||    39
   Stab: Distracted        |       |       |     1 |     1 |       |     1 |       |     2 |       ||     5
         Confused          |       |       |       |     8 |    15 |    24 |    31 |     6 |     4 ||    88
         Paralysed         |       |       |       |     4 |       |    10 |       |       |    12 ||    26
         Sleeping          |       |       |       |       |     2 |       |       |     2 |       ||     4
         Invisible         |       |       |       |       |     1 |       |       |       |       ||     1
 Armour: Robe              |    23 |    28 |   125 |    18 |       |       |       |       |       ||   194
         Steam dragon scal |       |       |       |    88 |   159 |       |       |       |       ||   247
         Leather armour    |       |       |       |       |    67 |   618 |   181 |   111 |    22 ||   999
         Troll leather arm |       |       |       |       |       |       |   139 |   760 |   723 ||  1622
         Skin              |       |       |       |       |       |       |       |     1 |       ||     1
  Dodge: Dodged            |    23 |    15 |   131 |    83 |   147 |   307 |   171 |   530 |   567 ||  1974
  Block: Buckler           |       |       |       |       |    26 |   260 |   145 |   355 |   259 ||  1045
         Reflection        |       |       |       |       |     7 |    10 |    48 |    33 |       ||    98

Table legend: (Time is in decaauts)
 A = Elapsed time spent in this place.
 B = Non-inter-level travel time spent in this place.
 C = Inter-level travel time spent in this place.
 D = Time resting spent in this place.
 E = Time spent auto-exploring this place.
 F = Levels seen in this place.
 G = Mean time per level.
                   A        B        C        D        E       F      G
               +--------+--------+--------+--------+--------+-----+--------+
         Total |  98925 |  91457 |   7468 |  11870 |  61314 |  55 | 1798.6 |
       Dungeon |  26571 |  23036 |   3535 |   3014 |  15405 |  15 | 1771.4 |
          Lair |   9859 |   8976 |    883 |    528 |   7012 |   5 | 1971.8 |
         Swamp |   5992 |   5648 |    344 |    854 |   3745 |   4 | 1498.0 |
   Spider Nest |   7815 |   7537 |    278 |    525 |   5695 |   4 | 1953.8 |
    Slime Pits |   2936 |   2764 |    172 |    627 |   1600 |   5 |  587.2 |
  Orcish Mines |   2608 |   2215 |    393 |    189 |   1536 |   2 | 1304.0 |
   Elven Halls |   7205 |   6945 |    260 |   1688 |   3905 |   3 | 2401.7 |
        Vaults |  11081 |  10588 |    493 |    270 |   8049 |   5 | 2216.2 |
        Depths |   9664 |   9111 |    553 |    536 |   6604 |   4 | 2416.0 |
           Zot |  13528 |  12974 |    554 |   3251 |   6952 |   5 | 2705.6 |
        Bailey |     43 |     43 |      0 |      0 |      0 |   1 |   43.0 |
      Ice Cave |    854 |    854 |      0 |     69 |    552 |   1 |  854.0 |
      Gauntlet |    764 |    764 |      0 |    317 |    256 |   1 |  764.0 |
               +--------+--------+--------+--------+--------+-----+--------+

Top non-repeatable levels by time:
   Zot:5: 4883 daAuts
Vaults:5: 3460 daAuts
Depths:1: 3432 daAuts
    D:15: 3136 daAuts
   Zot:3: 2987 daAuts
   Elf:1: 2829 daAuts
  Lair:5: 2577 daAuts
     D:8: 2548 daAuts
     D:4: 2479 daAuts
   Elf:2: 2446 daAuts
   Zot:4: 2406 daAuts
Spider:3: 2397 daAuts
Vaults:4: 2374 daAuts
  Lair:4: 2257 daAuts
Vaults:1: 2255 daAuts
